 Dungeon Crawl Stone Soup version 0.29-a0-284-gf9362112df (webtiles) character file.

Game seed: 8699022826649674393

430 bande the Covered (level 6, -1/38 HPs)
             Began as a Gargoyle Fighter on Mar 27, 2022.
             Slain by an orc warrior
             ... wielding a +1 vorpal war axe
              (3 damage)
             ... on level 5 of the Dungeon.
             The game lasted 00:06:23 (4720 turns).

bande the Covered (Gargoyle Fighter)                Turns: 4720, Time: 00:06:23

Health: -1/38      AC: 13    Str: 20    XL:     6   Next: 99%
Magic:  6/6        EV: 13    Int:  8    God:
Gold:   268        SH:  5    Dex: 11    Spells: 5/5 levels left

rFire   . . .      SeeInvis .   m - +0 war axe (vamp)
rCold   + . .      Faith    .   c - +1 buckler
rNeg    + . .      Spirit   .   b - +0 scale mail
rPois   ∞          Reflect  .   p - +2 hat
rElec   +          Harm     .   h - scarf {repulsion}
rCorr   .          Rampage  .   (no gloves)
Will    .....                   (no boots)
Stlth   ..........              (no amulet)
HPRegen 0.12/turn               j - +4 ring of evasion
MPRegen 0.10/turn               g - ring of protection from cold

@: repel missiles
A: sickness immunity, AC +4, negative energy resistance 1, electricity
resistance, torment resistance 1, petrification resistance
a: no special abilities


You were on level 5 of the Dungeon.
You visited 1 branch of the dungeon, and saw 5 of its levels.

You collected 268 gold pieces.

Inventory:

Hand Weapons
 a - a +0 war axe of venom
 m - a +0 vampiric war axe (weapon)
 o - a +2 flail of holy wrath
Armour
 b - a +0 scale mail (worn)
 c - a +1 buckler (worn)
 h - a scarf of repulsion (worn)
 k - a +2 cloak
 p - a +2 hat (worn)
Jewellery
 f - a ring of see invisible
 g - a ring of protection from cold (right hand)
 j - a +4 ring of evasion (left hand)
Wands
 l - a wand of iceblast (9)
Scrolls
 i - a scroll of holy word
Potions
 d - a potion of might
 e - 4 potions of curing
 n - 2 potions of brilliance {unknown}
 q - a potion of berserk rage {unknown}
 s - 2 potions of heal wounds {unknown}


   Skills:
 + Level 4.2 Fighting
 + Level 4.1 Axes
 + Level 4.9 Armour
 - Level 0.3 Dodging
 + Level 4.1 Shields
 * Level 2.1 Evocations


You had 5 spell levels left.
You didn't know any spells.
Your spell library was empty.

Dungeon Overview and Level Annotations

Branches:
Dungeon (5/15)
 Temple: D:4-7

Altars:
Sif Muna


Innate Abilities, Weirdness & Mutations

You are immune to sickness and miasma.
Your stone body is resilient. (AC +4)
You are immune to poison.
You resist negative energy. (rN+)
You are resistant to electric shocks. (rElec)
You are resistant to unholy torment.
You are immune to petrification.


Message History

No target in view!
No target in view!
No target in view!
No target in view!
No target in view!
Something hits you but does no damage.
You hit something.
You hear some strange, mumbled words.
A magic dart appears from out of thin air!
The magic dart hits you! Something hits you.
You barely miss something. Something hits you but does no damage.
You slash something!
You feel better. Something hits you but does no damage.
You miss something.
An orc warrior comes into view. It is wielding a +1 vorpal war axe.
Something hits you but does no damage. You block something's attack.
You barely miss something.
The orc warrior shouts!
You hear some strange, mumbled words.
A magic dart appears from out of thin air!
The magic dart hits you but does no damage.
You barely miss something. Something hits you.
You miss something. Something barely misses you.
The orc warrior barely misses you. You block something's attack.
You hit something.
You feel better.
You hit the orc warrior.
You feel better. The orc warrior closely misses you.
Something hits you but does no damage.
You hit something but do no damage. You hit the orc warrior.
The orc warrior hits you with a +1 vorpal war axe!
You hear some strange, mumbled words.
A magic dart appears from out of thin air!
The magic dart hits you! Something hits you but does no damage.
The orc warrior barely misses you.
You barely miss something. You closely miss the orc warrior.
The orc warrior hits you with a +1 vorpal war axe.
* * * LOW HITPOINT WARNING * * *
Something hits you but does no damage.
You closely miss something. You barely miss the orc warrior.
You block the orc warrior's attack. Something hits you but does no damage.
You miss something. You hit the orc warrior.
You feel better.
The orc warrior hits you with a +1 vorpal war axe!
* * * LOW HITPOINT WARNING * * *
You die...

##...†.........#.....#......
...........#.................
..........#####.##..####.....
#..#.....## #.###.....)....
.. #......# ... ###...<....
......#...## . # ##.#.....
#....##...##. #......# #..##
##...## ........ #.. ##..@#
#........ ## ##o.{# #........
#∩#...# #........ ..###.:.#
......##. #.. ._.# ## ####


You could see an orc warrior.

Vanquished Creatures
  Edmund (D:4)
  An ogre (D:5)
  A jelly (D:4)
  An orc wizard (D:3)
  6 gnolls
  4 adders
  A white imp (D:4)
  A worm (D:3)
  4 orcs (D:4)
  5 endoplasms
  3 giant cockroaches
  9 goblins
  11 hobgoblins
  A jackal (D:3)
  3 quokkas
  5 ball pythons
  3 bats
  A frilled lizard (D:1)
  4 kobolds
  5 rats
70 creatures vanquished.

Notes
Turn   | Place    | Note
-------+----------+-------------------------------------------
     0 | D:1      | bande the Gargoyle Fighter began the quest for the Orb.
     0 | D:1      | Reached XP level 1. HP: 14/14 MP: 1/1
   152 | D:1      | Found a faded altar of an unknown god.
   358 | D:1      | Reached XP level 2. HP: 19/19 MP: 2/2
  1168 | D:2      | Reached XP level 3. HP: 22/24 MP: 3/3
  1960 | D:3      | Reached XP level 4. HP: 29/29 MP: 4/4
  2085 | D:3      | You fall into a shaft and drop 1 floor!
  2292 | D:3      | Reached skill level 1 in Evocations
  2292 | D:3      | Reached XP level 5. HP: 16/33 MP: 5/5
  3868 | D:4      | Noticed Edmund
  3885 | D:4      | Killed Edmund
  3886 | D:4      | Reached XP level 6. HP: 36/38 MP: 6/6
  4657 | D:5      | Entered Level 5 of the Dungeon
  4705 | D:5      | Found a shimmering blue altar of Sif Muna.
  4712 | D:5      | Noticed an orc warrior
  4720 | D:5      | Slain by an orc warrior

Illustrated notes

Levels and vault maps discovered:
D:1:      tarquinn_simple_flora_water_f, layout_loops_ring,
          ebering_ecumenical_altar_petrified, minmay_close_crescents
D:2:      layout_basic
D:3:      wad_river_or_something, layout_loops_ring, serial_bayou_pond_d,
          kennysheep_boxes
D:4:      layout_layer_cave, uniq_edmund
D:5:      layout_cave_pools, pdpol_temple_overflow_zin_treasury_gozag_greed,
          nzn_overflow_gifts_of_might_and_magic, nicolae_overflow_hidden_temple

Skill      XL: |  1  2  3  4  5  6 |
---------------+-------------------+-----
Axes           | 2 3 4 |  4.1
Armour         | 4 |  4.9
Evocations     | 1 2 |  2.1
Fighting       | 4 |  4.2
Shields        | 4 |  4.1
Dodging        | |  0.3

Action                   |  1- 3 |  4- 6 || total
-------------------------+-------+-------++-------
Melee: War axe           |   111 |   118 ||   229
  Use: Scroll            |     5 |     6 ||    11
Armor: Scale mail        |    63 |    47 ||   110
Dodge: Dodged            |    64 |    69 ||   133
       Repelled          |       |     2 ||     2
Block: Buckler           |    27 |    31 ||    58

Table legend: (Time is in decaauts)
 A = Elapsed time spent in this place.
 B = Non-inter-level travel time spent in this place.
 C = Inter-level travel time spent in this place.
 D = Time resting spent in this place.
 E = Time spent auto-exploring this place.
 F = Levels seen in this place.
 G = Mean time per level.
                   A        B        C        D        E       F      G
               +--------+--------+--------+--------+--------+-----+--------+
         Total |   4844 |   4726 |    118 |    850 |   3135 |   5 |  968.8 |
       Dungeon |   4844 |   4726 |    118 |    850 |   3135 |   5 |  968.8 |
               +--------+--------+--------+--------+--------+-----+--------+

Top non-repeatable levels by time:
     D:4: 1595 daAuts
     D:3: 1247 daAuts
     D:2: 1097 daAuts
     D:1: 834 daAuts
     D:5: 69 daAuts
